 Dungeon Crawl Stone Soup version 0.28-a0-1629-gf728b707aa (webtiles) character file.

Game seed: 11455175817100057378

42 fragbeetle the Chiller (level 3, -2/25 HPs)
             Began as a Merfolk Ice Elementalist on Jan 24, 2022.
             Killed from afar by Sigmund (8 damage)
             ... with a magic dart
             ... on level 4 of the Dungeon.
             The game lasted 00:03:27 (2091 turns).

fragbeetle the Chiller (Merfolk Ice Elementalist)   Turns: 2091, Time: 00:03:28

Health: -2/25      AC:  3    Str: 10    XL:     3   Next: 54%
Magic:  2/6        EV: 13    Int: 14    God:
Gold:   38         SH:  0    Dex: 14    Spells: 2/6 levels left

rFire   . . .      SeeInvis .   e - +2 whip (drain)
rCold   . . .      Faith    .   (no shield)
rNeg    . . .      Spirit   .   a - +0 robe
rPois   .          Reflect  .   h - +0 helmet
rElec   .          Harm     .   (no cloak)
rCorr   .          Rampage  .   (no gloves)
Will    .....                   (no boots)
Stlth   ++........              (no amulet)
HPRegen 0.08/turn               (no ring)
MPRegen 0.10/turn               (no ring)

@: lethally poisoned (-2 -> -6)
A: (nimble swimmer 2), mertail
a: no special abilities


You were on level 4 of the Dungeon.
You visited 1 branch of the dungeon, and saw 3 of its levels.

You collected 38 gold pieces.

Inventory:

Hand Weapons
 b - a +0 spear
 e - a +2 whip of draining (weapon)
Missiles
 n - 5 poisoned darts
Armour
 a - a +0 robe (worn)
 h - a +0 helmet (worn)
Scrolls
 c - a scroll of identify {unknown}
 f - a scroll of fog {unknown}
 i - a scroll of acquirement {unknown}
 j - a scroll of amnesia {unknown}
 k - a scroll of noise {unknown}
Potions
 d - a potion of resistance {unknown}
 g - 2 potions of curing {unknown}
 l - a potion of magic {unknown}
 m - a potion of mutation {unknown}


   Skills:
 + Level 0.9 Fighting
 * Level 2.1 Polearms
 + Level 3.1 Dodging
 + Level 2.6 Stealth
 - Level 2.0 Spellcasting
 * Level 4.8 Ice Magic


You had 2 spell levels left.
You knew the following spells:

 Your Spells              Type           Power      Damage    Failure   Level
a - Freeze                Ice            60%        1d8       3%          1
b - Frozen Ramparts       Ice            30%        1d5       10%         3

Your spell library contained the following spells:

 Spells                   Type           Power      Damage    Failure   Level
 Animate Skeleton         Necr           2%         N/A       24%         1
 Pain                     Necr           4%         1d4       24%         1
 Ozocubu's Armour         Ice            15%        N/A       10%         3
 Vampiric Draining        Necr           1%         2d6       56%         3
 Hailstorm                Conj/Ice       8%         3d4       65%         4


Dungeon Overview and Level Annotations

Branches:
Dungeon (2/15)

Altars:

Annotations:
D:4 Sigmund


Innate Abilities, Weirdness & Mutations

((You are very nimble when in or above water. (Stealth+, EV+, Speed+++)))
Your lower body shifts to a powerful aquatic tail in water.


Message History

A magic dart appears from out of thin air!
The magic dart hits you.
Found 7 gold pieces.
You hear the slow rusting of a very distant drain.
An adder comes into view.
The adder hisses angrily.
You see here 7 gold pieces.
A magic dart appears from out of thin air!
The magic dart hits you!
Casting: Frozen Ramparts (quite dangerous; 10% risk of failure)
Confirm with . or Enter, or press ? or * to list all spells.
Aiming: Freeze (safe; 3% risk of failure)
Press: ? - help, Shift-Dir - straight line, f - adder
Aim: an adder You freeze the adder.
The adder is moderately wounded.
The adder bites you but does no damage. The adder bites you.
You are poisoned.
The adder poisons you!
Casting: Freeze (safe; 3% risk of failure)
Confirm with . or Enter, or press ? or * to list all spells.
Aiming: Freeze (safe; 3% risk of failure)
Press: ? - help, Shift-Dir - straight line, f/p - adder
Aim: an adder (moderately wounded)
You freeze the adder.
The adder is almost dead.
The adder seems to slow down.
* * * LOW HITPOINT WARNING * * *
You feel sick.
Casting: Freeze (safe; 3% risk of failure)
Confirm with . or Enter, or press ? or * to list all spells.
Aiming: Freeze (safe; 3% risk of failure)
Press: ? - help, Shift-Dir - straight line, f/p - adder
Aim: an adder (almost dead, slow)
You freeze the adder.
You kill the adder!
You feel sick.
A magic dart appears from out of thin air!
The magic dart hits you!
You die...

#.........##
#..........#
#..........#
#..........#
#..........#
#..........#
#........$.#
#†@${......#
......######..#.#
..... $.##..#.#
#### #.##....####
###.
#.#.......... ...
#.........### #..
###....##...#
#..##....### ...#
.## #...#....#
.....


There were no monsters in sight!

Vanquished Creatures
  An adder (D:4)
  A dart slug (D:1)
  6 ball pythons (D:1)
  2 giant cockroaches
  3 goblins (D:1)
  4 hobgoblins (D:1)
  4 jackals (D:1)
  2 quokkas (D:1)
  4 bats (D:1)
  A frilled lizard (D:1)
  5 kobolds (D:1)
  3 rats (D:1)
36 creatures vanquished.

Vanquished Creatures (others)
  3 plants (D:1)
3 creatures vanquished.

Grand Total: 39 creatures vanquished

Notes
Turn   | Place    | Note
-------+----------+-------------------------------------------
     0 | D:1      | fragbeetle the Merfolk Ice Elementalist began the quest for
                  | the Orb.
     0 | D:1      | Reached XP level 1. HP: 13/13 MP: 3/3
   542 | D:1      | Reached XP level 2. HP: 10/20 MP: 3/5
   701 | D:1      | Reached skill level 1 in Polearms
  1062 | D:1      | Reached XP level 3. HP: 25/25 MP: 3/6
  1066 | D:1      | Learned a level 3 spell: Frozen Ramparts
  2032 | D:2      | You fall into a shaft and drop 2 floors!
  2065 | D:4      | Noticed Sigmund
  2091 | D:4      | Killed from afar by Sigmund

Illustrated notes

Levels and vault maps discovered:
D:1:      dpeg_arrival_leaves_temple_mockup, layout_basic, serial_forest,
          infiniplex_forest_clump_medium, infiniplex_forest_straight_2,
          infiniplex_forest_end_1, infiniplex_forest_lined_2,
          infiniplex_forest_lined_ring, infiniplex_forest_clump_tiny,
          infiniplex_forest_clump_curved
D:2:      minmay_roachtagon, layout_basic, serial_shops,
          nicolae_shop_hallway_stairs, minmay_misc_feat_alley, uniq_robin
D:4:      layout_rooms, portal_sewer_entry_a, uniq_sigmund

Skill      XL: |  1  2  3 |
---------------+----------+-----
Polearms       | 1 2 |  2.1
Dodging        | 3 |  3.1
Fighting       | |  0.9
Stealth        | |  2.6
Spellcasting   | |  2.0
Ice Magic      | |  4.8

Action                   || total
-------------------------++-------
Melee: Spear             ||     9
       Punch             ||     1
       Whip              ||    38
 Cast: Freeze            ||    20
       Frozen Ramparts   ||     3
 Stab: Sleeping          ||     3
Armor: Robe              ||     9
Dodge: Dodged            ||    41

Table legend: (Time is in decaauts)
 A = Elapsed time spent in this place.
 B = Non-inter-level travel time spent in this place.
 C = Inter-level travel time spent in this place.
 D = Time resting spent in this place.
 E = Time spent auto-exploring this place.
 F = Levels seen in this place.
 G = Mean time per level.
                   A        B        C        D        E       F      G
               +--------+--------+--------+--------+--------+-----+--------+
         Total |   2094 |   2004 |     90 |    195 |   1482 |   3 |  698.0 |
       Dungeon |   2094 |   2004 |     90 |    195 |   1482 |   3 |  698.0 |
               +--------+--------+--------+--------+--------+-----+--------+

Top non-repeatable levels by time:
     D:1: 1990 daAuts
     D:4: 59 daAuts
     D:2: 44 daAuts
